Map: Bastion of the Conclave

Players

BlackNova - Winner!

  • Race: Terran Terran
  • Spawn Location: 6:00

Metasapien - Winner!

  • Race: Zerg Zerg
  • League: Platinum
  • Spawn Location: 6:00

VapeMaster - Winner!

  • Race: Terran Terran
  • Spawn Location: 6:00

WhiteCracker

  • Race: Terran Terran
  • League: Platinum
  • Spawn Location: 12:00

KILLJOY

  • Race: Terran Terran
  • Spawn Location: 0:00

Cilcia

  • Race: Protoss Protoss
  • Spawn Location: 12:00

VOD

Have the link to the VOD?

Description

Time

  • Played on: Sept. 22, 2017, 8:09 p.m.
  • Length: 11:25
Show
View Real Time Build Order
Export as new Build Order

BlackNova Terran - Winner!

Build Orders: Liberator Opening 

Get SALT Encoding   

  12  0:04  SCV  
  13  0:16  SCV  
  14  0:28  SCV  
  15  0:36  Refinery  
  15  0:37  Supply Depot  
  15  0:58  SCV  
  15  1:00  Barracks  
  16  1:04  Refinery  
  16  1:10  SCV  
  17  1:22  SCV, Supply Depot  
  18  1:46  SCV  
  19  1:49  Factory  
  19  2:03  SCV  
  20  2:11  Reaper  
  20  2:15  SCV  
  22  2:27  SCV  
  23  2:37  Supply Depot  
  23  2:39  Widow Mine  
  23  2:40  Starport  
  25  2:48  Orbital Command  
  25  3:04  Liberator  
  28  3:27  Starport  
  28  3:30  Supply Depot  
  27  3:39  SCV  
  28  3:53  Supply Depot  
  28  4:24  Starport Tech Lab x2  
  28  4:35  Command Center  
  28  4:48  Cloaking Field  
  28  4:54  Banshee  
  31  5:09  Banshee  
  31  5:23  Supply Depot  
  31  5:51  Orbital Command  
  31  5:52  Banshee  
  34  6:02  Banshee  
  37  6:12  Hyperflight Rotors  
  37  6:24  SCV  
  38  6:30  Refinery  
  38  6:35  Refinery  
  38  6:36  SCV  
  39  6:48  SCV  
  40  7:00  Banshee x2, SCV  
  44  7:28  SCV  
  45  7:40  Command Center, SCV  
  45  7:43  Banshee x2  
  49  7:52  SCV  
  47  8:04  SCV  
  48  8:16  SCV  
  49  8:26  Banshee x2  
  55  8:33  Fusion Core, Supply Depot  
  55  8:58  SCV  
  55  9:00  SCV  
  55  9:02  Orbital Command  
  57  9:05  Refinery  
  57  9:09  Banshee  
  63  9:10  SCV  
  63  9:12  SCV  
  65  9:22  SCV  
  66  9:24  SCV  
  66  9:30  Refinery  
  67  9:35  SCV  
  67  9:36  SCV  
  69  9:41  Battlecruiser  
  69  9:43  Weapon Refit  
  72  9:48  Supply Depot  
  72  9:49  Supply Depot  
  72  9:52  Banshee, SCV  
  73  10:04  SCV  
  74  10:16  SCV  
  72  10:28  SCV  
  72  10:34  Banshee  
  76  10:40  SCV  
  77  10:44  Supply Depot  
  77  10:45  Supply Depot  
  80  10:50  Starport  
  80  10:52  Starport  
Show
View Real Time Build Order
Export as new Build Order

Metasapien Zerg - Winner!

Build Orders: Pool First 

Get SALT Encoding   

  12  0:01  Drone  
  13  0:23  Spawning Pool  
  13  0:26  Drone  
  13  0:32  Extractor  
  13  0:33  Drone  
  13  0:43  Overlord  
  13  0:47  Drone  
  14  1:02  Drone  
  14  1:03  Drone  
  16  1:15  Zergling x2  
  17  1:29  Hatchery  
  16  1:42  Drone x3  
  19  1:49  Metabolic Boost  
  19  1:55  Drone  
  20  2:20  Drone  
  20  2:22  Overlord  
  21  2:40  Queen  
  21  2:41  Hatchery  
  22  2:51  Drone  
  22  2:53  Queen  
  25  2:59  Drone  
  26  3:18  Extractor  
  25  3:26  Drone  
  27  3:27  Drone x2, Roach Warren  
  27  3:40  Drone x3  
  31  3:41  Drone  
  31  3:45  Extractor  
  30  3:53  Drone  
  31  3:57  Drone x2  
  31  3:58  Drone  
  34  4:07  Queen  
  34  4:08  Drone x2  
  38  4:20  Overlord x2  
  38  4:29  Roach x2  
  42  4:36  Lair  
  42  4:39  Drone x3  
  42  4:43  Drone, Extractor  
  45  4:55  Drone x2  
  45  4:56  Drone x2  
  45  4:58  Drone x2  
  51  5:01  Overlord  
  51  5:05  Drone  
  51  5:06  Drone  
  53  5:15  Drone  
  53  5:16  Drone  
  53  5:20  Pneumatized Carapace  
  55  5:23  Drone  
  55  5:24  Drone x2  
  55  5:26  Drone  
  55  5:28  Overlord  
  59  5:30  Overlord  
  59  5:38  Drone x3  
  62  5:45  Hydralisk Den, Glial Reconstitution  
  62  5:47  Infestation Pit  
  60  5:55  Evolution Chamber  
  60  5:56  Evolution Chamber  
  58  5:58  Drone x4, Spore Crawler  
  61  6:05  Overlord x3  
  61  6:08  Overlord  
  61  6:14  Drone  
  61  6:15  Drone x2  
  61  6:16  Drone x2  
  66  6:23  Hydralisk  
  66  6:24  Hydralisk x2  
  72  6:27  Overseer  
  72  6:42  Hydralisk x6  
  84  6:52  Muscular Augments  
  84  6:57  Hydralisk x2  
  84  6:58  Roach x2, Hydralisk  
  94  7:02  Zerg Missile Weapons Level 1  
  94  7:04  Zerg Ground Armor Level 1  
  94  7:07  Extractor  
  93  7:09  Drone x2, Extractor  
  93  7:11  Drone x3  
  93  7:15  Drone  
  98  7:27  Queen x2  
  98  7:28  Queen  
  104  7:31  Drone  
  104  7:32  Drone x2  
  104  7:34  Drone  
  104  7:35  Overlord x2  
  108  7:46  Hydralisk x3  
  108  7:50  Overlord x2  
  114  7:51  Overlord  
  114  7:57  Drone  
  114  7:58  Drone  
  116  7:59  Drone  
  116  8:00  Drone  
  116  8:02  Drone  
  116  8:03  Drone, Hydralisk  
  122  8:17  Hydralisk x6  
  122  8:18  Hydralisk  
  136  8:34  Spore Crawler  
  136  8:36  Spore Crawler  
  136  8:38  Spore Crawler  
  136  8:40  Drone  
  136  8:41  Drone x2, Hydralisk x2  
  136  8:42  Hydralisk x3  
  146  9:00  Nydus Network  
  145  9:08  Pathogen Glands  
  145  9:12  Hydralisk x2  
  145  9:13  Hydralisk x2  
  145  9:16  Overlord  
  145  9:17  Overlord x3  
  153  9:55  Hydralisk x6  
  153  9:56  Infestor, Hydralisk x3  
  153  9:57  Drone x2, Infestor x4  
  183  10:00  Overlord  
  183  10:18  Hydralisk  
  183  10:19  Hatchery, Hydralisk x3  
  190  10:44  Ravager x4  
  169  10:58  Hydralisk x3  
  169  10:59  Hydralisk x4  
Show
View Real Time Build Order
Export as new Build Order

VapeMaster Terran - Winner!

Build Orders: Reaper Expand, Mech 

Get SALT Encoding   

  12  0:01  SCV  
  13  0:13  SCV  
  14  0:19  Supply Depot  
  14  0:25  SCV  
  15  0:29  Refinery  
  15  0:41  SCV  
  16  0:47  Barracks  
  16  0:53  SCV  
  17  1:05  SCV  
  18  1:26  SCV  
  19  1:34  Reaper  
  20  1:44  Orbital Command  
  20  1:51  Command Center  
  20  2:03  Factory  
  20  2:11  Barracks Reactor  
  20  2:13  Refinery  
  20  2:14  Supply Depot  
  20  2:17  SCV  
  21  2:29  SCV  
  22  2:41  SCV  
  23  2:53  SCV  
  24  2:59  Starport  
  24  3:05  SCV  
  25  3:19  SCV  
  26  3:26  Barracks Tech Lab  
  27  3:27  Hellion  
  27  3:28  Hellion  
  27  3:30  Orbital Command  
  30  3:42  Engineering Bay  
  30  3:49  Widow Mine x2  
  30  3:52  SCV, Command Center  
  35  3:58  Raven  
  35  4:01  SCV  
  38  4:05  SCV  
  39  4:13  SCV  
  41  4:17  SCV  
  41  4:25  SCV  
  41  4:29  SCV  
  43  4:34  Refinery  
  43  4:36  Refinery  
  43  4:37  SCV  
  44  4:41  SCV  
  44  4:45  Barracks Tech Lab  
  45  4:49  SCV  
  45  4:50  Supply Depot x2  
  46  5:03  Refinery x2, Raven, SCV x2  
  46  5:05  Supply Depot  
  46  5:06  Supply Depot  
  50  5:09  Planetary Fortress  
  50  5:15  SCV x2  
  52  5:23  Factory  
  52  5:25  Factory  
  52  5:26  Missile Turret  
  52  5:27  SCV x2  
  54  5:40  SCV x2  
  56  5:48  SCV  
  57  5:52  SCV x2  
  57  5:54  Armory  
  57  5:55  Starport Reactor  
  59  5:57  Armory  
  59  6:00  SCV  
  59  6:04  SCV x2  
  62  6:07  Building Armor  
  62  6:12  SCV  
  62  6:16  Starport x2  
  63  6:29  SCV x3  
  66  6:34  Viking  
  66  6:38  Viking  
  70  6:41  SCV x3  
  70  6:46  Terran Vehicle And Ship Armor Level 1  
  73  6:53  SCV  
  74  6:55  SCV x2  
  74  7:00  Starport Tech Lab x2  
  76  7:05  Fusion Core, SCV  
  77  7:09  Terran Ship Weapons Level 1  
  77  7:11  SCV x2  
  77  7:13  Siege Tank x2, Widow Mine x2  
  89  7:28  Corvid Reactor  
  89  7:30  Recalibrated Explosives  
  89  7:34  SCV  
  89  7:36  Supply Depot  
  90  7:37  Supply Depot  
  90  7:39  Supply Depot  
  90  7:40  Supply Depot x3  
  90  7:41  SCV, Supply Depot  
  90  7:42  Hellion  
  93  7:53  Weapon Refit  
  93  7:55  Hellion x2  
  98  8:03  Supply Depot  
  97  8:06  SCV  
  97  8:07  Raven x2  
  97  8:09  Viking x2  
  97  8:10  Siege Tank  
  97  8:12  Hellion  
  111  8:16  Siege Tank  
  114  8:45  Siege Tank  
  114  8:46  Widow Mine x2  
  121  8:49  Viking  
  121  8:50  Raven x2  
  127  9:03  Command Center x2  
  127  9:04  Missile Turret  
  127  9:05  Missile Turret  
  127  9:08  Missile Turret  
  127  9:21  Supply Depot  
  127  9:22  Supply Depot  
  127  9:23  Supply Depot  
  127  9:25  Supply Depot  
  127  9:33  Raven x2  
  127  9:35  Hellion x4  
  139  9:41  Missile Turret  
  139  9:43  Missile Turret  
  139  9:44  Missile Turret  
  139  9:45  Missile Turret  
  139  9:47  Missile Turret  
  139  9:56  Hellion  
  139  9:58  Infernal Pre-Igniter  
  141  10:16  Raven  
  141  10:18  Command Center  
  141  10:19  Command Center  
  141  10:20  Command Center  
Show
View Real Time Build Order
Export as new Build Order

WhiteCracker Terran 

Build Orders: MMM Bio 

Get SALT Encoding   

  12  0:01  SCV  
  13  0:13  SCV  
  14  0:25  SCV  
  15  0:32  Supply Depot  
  15  0:36  Refinery  
  15  0:54  SCV  
  16  0:59  Barracks  
  16  1:06  SCV  
  17  1:17  Refinery  
  17  1:18  SCV  
  18  1:30  SCV  
  19  1:42  SCV  
  20  1:48  Barracks  
  20  1:50  Barracks Tech Lab  
  20  1:55  Orbital Command  
  20  1:58  Supply Depot  
  20  2:09  Marauder  
  20  2:11  Stimpack  
  20  2:15  Supply Depot  
  22  2:21  SCV  
  23  2:29  Marine  
  23  2:33  SCV  
  25  2:45  Barracks Reactor  
  25  2:50  Barracks  
  25  2:52  Marauder  
  27  3:13  Marauder  
  29  3:35  Marine  
  29  3:36  Marauder, Marine  
  33  3:41  Engineering Bay  
  33  3:48  SCV, Barracks  
  33  3:52  Factory, Barracks  
  34  4:01  SCV  
  35  4:07  Barracks Reactor  
  35  4:11  Combat Shields  
  35  4:12  Terran Infantry Weapons Level 1  
  35  4:13  SCV  
  35  4:14  Missile Turret  
  36  4:43  Command Center  
  35  4:57  Marine x4  
  39  5:40  Barracks Tech Lab  
  39  5:42  Barracks Tech Lab  
  39  5:45  Barracks Reactor  
  39  5:53  Starport  
  39  5:54  Marine x3  
  42  6:00  Orbital Command, Missile Turret  
  42  6:02  SCV  
  43  6:04  Marine  
  43  6:06  Terran Infantry Armor Level 1  
  43  6:07  Marine  
  45  6:13  Marine  
  45  6:14  Marine  
  47  6:19  Marine  
  47  6:20  Marine  
  49  6:29  Missile Turret  
  49  6:31  SCV x2  
  51  6:43  SCV  
  51  6:44  Factory Reactor  
  52  6:50  Factory Tech Lab, Barracks Reactor  
  52  6:51  Marine  
  52  6:52  Marine  
  54  7:24  SCV  
  54  7:25  Marine  
  54  7:34  Supply Depot  
  54  7:36  Supply Depot  
  54  7:43  SCV  
  54  7:44  SCV  
  54  7:47  Medivac  
  54  7:48  Medivac  
  50  7:55  SCV  
  50  7:58  Refinery  
  49  7:59  SCV  
  49  8:01  Refinery, Marine x2  
  49  8:02  Marine x2  
  54  8:25  Marine  
  54  8:27  SCV  
  54  8:28  Marine  
  54  8:32  Supply Depot  
  54  8:36  SCV, Marine  
  54  8:38  Medivac  
  54  8:41  Marauder  
  54  8:54  Missile Turret, Medivac, Marauder, SCV x2  
  60  8:58  Missile Turret  
  60  9:05  Missile Turret  
  60  9:06  SCV x2  
  62  9:52  Marine x2  
  62  9:53  Marine  
  62  9:55  SCV, Marine  
  62  9:56  Marine  
  62  9:59  Marauder  
  62  10:02  Marine  
  62  10:03  Missile Turret  
  62  10:06  Marine  
  62  10:11  Missile Turret  
  62  10:26  Marine  
  62  10:38  Command Center  
  62  10:52  Marine  
  62  10:56  Marine x2  
  62  10:57  Marine x2  
  62  11:00  Marine x2  
Show
View Real Time Build Order
Export as new Build Order

KILLJOY Terran 

Build Orders: MMM Bio 

Get SALT Encoding   

  12  0:22  SCV, Supply Depot  
  13  0:34  SCV  
  14  0:46  SCV  
  15  0:56  Barracks  
  15  0:58  SCV  
  15  1:02  Refinery  
  16  1:40  Engineering Bay  
  16  2:04  Orbital Command  
  16  2:14  Terran Infantry Weapons Level 1  
  16  2:17  Marine  
  17  2:35  Marine  
  18  2:38  Refinery  
  18  2:44  SCV  
  19  2:52  Marine  
  19  2:56  SCV  
  20  3:08  SCV  
  20  3:10  Marine  
  17  3:20  SCV  
  18  3:28  Marine  
  18  3:32  SCV  
  20  3:44  SCV  
  20  3:46  Marine  
  22  3:49  Barracks  
  22  3:56  SCV  
  23  4:08  Terran Infantry Armor Level 1  
  23  4:19  Supply Depot  
  23  4:40  Barracks Tech Lab  
  23  4:41  SCV  
  23  4:45  Barracks Reactor  
  24  4:53  SCV  
  24  4:59  Missile Turret  
  25  5:05  SCV  
  26  5:17  SCV  
  26  5:18  Command Center  
  27  5:22  Supply Depot  
  27  5:29  SCV  
  27  5:30  Missile Turret  
  27  5:34  Combat Shields  
  28  5:38  Marine x2  
  28  5:41  SCV  
  31  5:43  Marine  
  32  5:53  SCV  
  32  5:54  Supply Depot  
  32  5:56  Marine x2  
  35  6:01  Marine  
  36  6:05  SCV  
  37  6:14  Marine x2  
  37  6:17  SCV  
  40  6:18  Marine  
  41  6:29  SCV  
  41  6:32  Marine x2  
  44  6:36  Marine  
  44  6:37  Supply Depot  
  45  6:42  SCV  
  46  6:49  Marine  
  46  6:50  Marine  
  46  6:53  Stimpack  
  48  6:54  Marine  
  49  7:07  Marine x2  
  51  7:12  Marine  
  52  7:30  Marine  
  52  7:31  Supply Depot  
  53  7:43  Building Armor  
  53  7:45  Factory  
  53  7:48  Marine  
  53  7:49  Marine x2  
  56  8:05  Marine  
  56  8:07  Marine x2  
  56  8:12  Supply Depot  
  59  8:23  Marine  
  59  8:25  Marine x2  
  62  8:28  SCV  
  63  8:40  SCV  
  64  8:41  Marine  
  64  8:42  SCV  
  64  8:43  Marine x2  
  68  8:53  SCV  
  68  8:54  Concussive Shells, SCV  
  70  8:57  Refinery  
  70  8:59  Marine  
  70  9:00  Supply Depot  
  70  9:01  Marine x2  
  73  9:05  SCV  
  73  9:07  SCV  
  75  9:14  Refinery  
  75  9:17  Marine  
  75  9:18  Marine  
  75  9:19  SCV, Marine  
  75  9:22  Neosteel Frame  
  80  9:27  Factory Tech Lab  
  80  9:31  SCV  
  78  9:34  Marine  
  78  9:36  Marine x2  
  62  9:52  Marine  
  63  10:39  Marine x2  
  63  10:42  Marine  
  45  10:57  Marine x2  
  19  10:59  Marine  
Show
View Real Time Build Order
Export as new Build Order

Cilcia Protoss 

Build Orders:  

Get SALT Encoding   

  12  0:02  Probe (Chrono Boost)  
  13  0:18  Pylon  
  13  0:27  Probe (Chrono Boost)  
  14  0:37  Probe (Chrono Boost)  
  14  0:39  Gateway  
  15  0:44  Assimilator  
  15  0:48  Probe (Chrono Boost)  
  16  0:58  Probe (Chrono Boost)  
  17  1:06  Assimilator  
  17  1:09  Probe (Chrono Boost)  
  18  1:20  Probe (Chrono Boost)  
  19  1:29  Pylon  
  19  1:37  Cybernetics Core  
  19  1:39  Probe (Chrono Boost)  
  20  1:50  Probe (Chrono Boost)  
  21  1:55  Pylon  
  21  2:00  Probe (Chrono Boost)  
  21  2:20  Stargate  
  21  2:58  Stalker  
  23  3:10  Void Ray (Chrono Boost)  
  27  3:14  Mothership Core (Chrono Boost)  
  29  3:25  Warp Gate  
  29  3:28  Zealot  
  31  3:38  Pylon  
  31  3:40  Pylon  
  31  3:46  Pylon  
  31  3:52  Void Ray (Chrono Boost)  
  35  3:55  Zealot  
  37  4:21  Forge  
  37  4:32  Void Ray (Chrono Boost)  
  41  4:42  Probe  
  42  4:54  Probe  
  42  4:57  Nexus  
  43  5:05  Pylon  
  43  5:07  Pylon  
  43  5:10  Pylon  
  43  5:13  Assimilator  
  43  5:18  Assimilator  
  43  5:19  Protoss Air Weapons Level 1 (Chrono Boost)  
  43  5:23  Probe  
  44  5:35  Probe  
  45  5:48  Protoss Shields Level 1  
  45  6:11  Probe  
  45  6:17  Probe  
  47  6:21  Probe  
  48  6:29  Probe  
  48  6:32  Probe  
  49  6:34  Void Ray  
  54  6:41  Probe  
  54  6:42  Probe  
  56  6:52  Stalker  
  56  6:53  Probe x2  
  58  7:03  Probe, Protoss Air Armor Level 1 (Chrono Boost)  
  54  7:11  Photon Cannon  
  54  7:14  Probe, Photon Cannon  
  53  7:27  Pylon  
  53  7:42  Protoss Ground Weapons Level 1  
  53  7:50  Photon Cannon  
  53  7:52  Photon Cannon  
  53  7:54  Photon Cannon  
  53  8:04  Probe  
  54  8:07  Probe  
  53  8:16  Probe  
  53  8:17  Probe  
  54  8:26  Void Ray (Chrono Boost)  
  58  8:28  Probe  
  59  8:40  Probe  
  60  8:52  Probe  
  61  9:02  Fleet Beacon  
  61  9:04  Probe  
  61  9:07  Void Ray (Chrono Boost)  
  61  9:09  Stargate  
  66  9:16  Probe  
  66  9:17  Probe  
  68  9:27  Probe  
  68  9:28  Probe  
  70  9:38  Probe  
  70  9:40  Probe, Stalker  
  70  9:44  Void Ray (Chrono Boost)  
  78  9:48  Probe  
  79  9:53  Probe  
  79  9:59  Probe  
  54  10:53  Stalker  
Tags
 
Add a new tag
Caveats
  • Supply blocks, unpowered buildings, or Contaminate may cause inaccurate times.
  • Supply counts are checked every 10 seconds.